 Dungeon Crawl Stone Soup version 0.31.0-11-ge490571c62 (webtiles) character file.

Game seed: 15186579810544922108

17 Arctor the Firebug (level 2, -1/15 HPs)
             Began as a Deep Elf Fire Elementalist on Feb 6, 2024.
             Slain by a goblin
             ... wielding a +0 dagger
             ... led by Robin
              (5 damage)
             ... on level 1 of the Dungeon.
             The game lasted 00:00:32 (1237 turns).

Arctor the Firebug (Deep Elf Fire Elementalist)     Turns: 1237, Time: 00:00:33

Health: -1/15      AC:  3    Str:  5    XL:     2   Next: 44%
Magic:  6/8        EV: 13    Int: 19    God:
Gold:   35         SH:  0    Dex: 15    Spells: 4/7 levels left

rFire   . . .        (no weapon)
rCold   . . .        (no shield)
rNeg    . . .        a - +0 robe
rPois   .            (no helmet)
rElec   .            (no cloak)
rCorr   .            d - +0 pair of gloves
SInv    .            (no boots)
Will    .....        (no amulet)
Stlth   ++           (no ring)
HPRegen 0.22/turn    (no ring)
MPRegen 0.11/turn

%: no passive effects
@: no status effects
A: no striking features
a: no special abilities


You were on level 1 of the Dungeon.
You visited 1 branch of the dungeon, and saw 2 of its levels.

You collected 35 gold pieces.

Inventory:

Armour
 a - a +0 robe (worn)
 d - a +0 pair of gloves (worn)
Jewellery
 g - a ring of fire
Scrolls
 c - a scroll of fear {unknown}
 f - a scroll of teleportation {unknown}
Potions
 b - a potion of magic
 e - a potion of invisibility {unknown}


   Skills:
 + Level 2.7 Dodging
 + Level 2.8 Stealth
 + Level 3.3 Spellcasting
 + Level 1.5 Conjurations
 + Level 3.5 Fire Magic


You had 4 spell levels left.
You knew the following spells:

 Your Spells              Type           Power      Damage    Failure   Level
a - Foxfire               Conj/Fire      48%        2x1d6     5%          1
b - Scorch                Fire           32%        2d6       5%          2

Your spell library contained the following spells:

 Spells                   Type           Power      Damage    Failure   Level
 Inner Flame              Hex/Fire       9%         N/A       22%         3
 Volatile Blastmotes      Fire/Tloc      18%        2d11      22%         3
 Flame Wave               Conj/Fire      12%        2d6       45%         4


Dungeon Overview and Level Annotations

Branches:
Dungeon (2/15)

Altars:

Annotations:
D:2 Robin


Message History

Done exploring.
You conjure some foxfire!
You conjure some foxfire!
Your foxfire dissipates! x2
Your foxfire dissipates!
Done exploring.
What level of the Dungeon? (default 1, ? - help)
You enter the shallow water.
Moving in this stuff is going to be slow.
There is a staircase leading out of the dungeon here.
You enter the shallow water.
Moving in this stuff is going to be slow.
There is a stone staircase leading down here.
You climb downwards.
Robin shouts!
The hobgoblin shouts!
The goblin shouts! x4
You hear an angry hiss.
The goblin shouts!
You hear a shout!
There is a stone staircase leading up here.
There are monsters nearby!
There are monsters nearby!
You conjure some foxfire!
The goblin shouts!
The goblin barely misses you. The goblin hits you but does no damage.
The goblin hits you with a +0 dagger.
An endoplasm comes into view.
There is not enough space to conjure foxfire!
Unknown command.
You're too inexperienced to learn that spell!
Okay, then.
The foxfire hits the goblin.
The goblin is moderately wounded.
Robin roars a battlecry!
The goblins go into a battle-frenzy!
The goblin hits you with a +0 dagger. The goblin barely misses you.
You climb upwards.
There is a stone staircase leading down here.
You conjure some foxfire!
The goblin hits you with a +0 club. The goblin hits you with a +0 dagger.
* * * LOW HITPOINT WARNING * * *
The goblin hits you with a +0 dagger.
You die...

...#####............#....#..#.#
...........##.......#..###..#.#
...........##.......#.......#.#
....................#.......#.#
......######......##........#.#
......# #.........#......#.#
.....#######.......#######..#.#
...............vg...........#.#
.......≈.......g@g.....≈...##.#
........≈≈.....v.....≈≈...###.#
........≈≈≈≈.......≈≈≈≈...# #.#
.........≈≈≈≈≈...≈≈≈≈≈....# #.#
#####....≈≈≈≈≈≈.≈≈≈≈≈≈....# #.##
###.......≈≈≈≈≈~≈≈≈≈≈.....###..#
#...#.....≈≈≈.....≈≈≈..........##
..........≈≈.......≈≈............
#.......≈≈≈≈...<...≈≈≈≈........##


You could see 3 goblins.

Vanquished Creatures
  2 ball pythons (D:1)
  4 endoplasms (D:1)
  2 goblins (D:1)
  3 hobgoblins (D:1)
  2 kobolds (D:1)
  2 rats (D:1)
15 creatures vanquished.

Vanquished Creatures (others)
  105 foxfires
105 creatures vanquished.

Grand Total: 120 creatures vanquished

Notes
Turn   | Place    | Note
-------+----------+-------------------------------------------
     0 | D:1      | Arctor the Deep Elf Fire Elementalist began the quest for
                  | the Orb.
     0 | D:1      | Reached XP level 1. HP: 10/10 MP: 6/6
   209 | D:1      | Found a faded altar of an unknown god.
   390 | D:1      | Reached XP level 2. HP: 15/15 MP: 4/8
   447 | D:1      | Learned a level 2 spell: Scorch
  1233 | D:2      | Noticed Robin
  1237 | D:1      | Slain by a goblin

Illustrated notes

Levels and vault maps discovered:
D:1:      onia_arrival_pentagram, layout_basic,
          ebering_ecumenical_altar_abandoned, minmay_misc_feat_roman
D:2:      layout_loops_ring, basic_altar, uniq_robin

Action                     || total
---------------------------++-------
  Melee: Unarmed           ||     1
         Punch             ||     1
   Cast: Foxfire           ||    63
 Armour: Robe              ||     8
  Dodge: Dodged            ||     2
